 Dungeon Crawl Stone Soup version 0.26.1-11-gd32895ea62 (webtiles) character file.

Game seed: 3928225486332964456

25 vvl the Changer (level 3, 0/26 HPs)
             Began as a Merfolk Transmuter on June 7, 2021.
             Slain by a quasit (1 damage)
             ... on level 2 of the Dungeon.
             The game lasted 00:03:00 (1605 turns).

vvl the Changer (Merfolk Transmuter)                Turns: 1605, Time: 00:03:00

Health: 0/26       AC:  3    Str: 11      XL:     3   Next: 6%
Magic:  5/6        EV: 12    Int: 12      God:
Gold:   73         SH:  0    Dex:  9 (14) Spells: 5/6 levels left

rFire    . . .     SeeInvis .     - Unarmed
rCold    . . .     Faith    .   (no shield)
rNeg     . . .     Spirit   .   a - +0 robe
rPois    .         Reflect  .   (helmet currently unavailable)
rElec    .         Harm     .   k - +0 cloak
rCorr    .         Rampage  .   (no gloves)
Will     .....                  (boots currently unavailable)
Stlth    +.........             (no amulet)
HPRegen  0.08/turn              c - ring of flight
MPRegen  0.10/turn              (no ring)

@: appendages
A: change form in water, swift swim, stealthy swim, horns 2
a: End Transformation, Evoke Flight


You were on level 2 of the Dungeon.
You had grown temporary horns.
You visited 1 branch of the dungeon, and saw 2 of its levels.

You collected 73 gold pieces.

Inventory:

Armour
 a - a +0 robe (worn)
 k - a +0 cloak (worn)
Jewellery
 c - a ring of flight (left hand)
Wands
 i - a wand of digging (5)
Scrolls
 b - 3 scrolls of teleportation {unknown}
 d - a scroll of random uselessness {unknown}
 e - a scroll of identify {unknown}
 h - 2 scrolls of remove curse {unknown}
 l - a scroll of enchant armour {unknown}
Potions
 f - a potion of might {unknown}
 g - a potion of curing {unknown}
 j - a potion of flight {unknown}


   Skills:
 - Level 1.1 Fighting
 - Level 2.6 Dodging
 + Level 3.6 Unarmed Combat
 - Level 2.0 Spellcasting
 * Level 3.8 Transmutations
 + Level 1.1 Poison Magic


You had 5 spell levels left.
You knew the following spells:

 Your Spells              Type           Power        Failure   Level
a - Beastly Appendage     Tmut           20%          5%          1

Your spell library contained the following spells:

 Spells                   Type           Power        Failure   Level
 Wereblood                Tmut           10%          9%          2
 Spider Form              Tmut/Pois      3%           30%         3
 Ice Form                 Ice/Tmut       5%           77%         4
 Blade Hands              Tmut           5%           83%         5


Dungeon Overview and Level Annotations

Branches:
Dungeon (2/15)

Altars:


Innate Abilities, Weirdness & Mutations

You revert to your normal form in water.
You are very nimble and swift while swimming.
You are very stealthy in the water. (Stealth+)
You have a pair of horns on your head.


Message History

The quasit barely misses you.
You hit the quasit but do no damage.
The quasit is lightly wounded.
The quasit bites you but does no damage.
The quasit barely misses you.
The quasit claws you but does no damage.
You barely miss the quasit. Your headbutt misses the quasit.
The quasit is lightly wounded.
The quasit closely misses you. x2; The quasit claws you.
The quasit bites you but does no damage.
The quasit claws you.
* * * LOW HITPOINT WARNING * * *
You feel clumsy. The quasit claws you.
* * * LOW HITPOINT WARNING * * *
The quasit bites you.
* * * LOW HITPOINT WARNING * * *
The quasit claws you but does no damage.
The quasit claws you.
You die...

#. #.#.# ......#
.#######.#.###......#
............†.......
...####.#.###......#
####.## #.#.# ......#
.....# #.#.# ......#
##..###.#.# ......#
#..<5b..#.# #.#####
#.###@#####.# .#
#.......# #.# .#
######..# #.# .#
#..###.####.##
##...........#
#.###.......#
##..##.......#
#.......###.##
#.......# #


You could see a quasit and a bat.

Vanquished Creatures
  An adder (D:2)
  A giant cockroach (D:1)
  A goblin (D:1)
  4 hobgoblins
  A ball python (D:2)
  2 bats
  5 kobolds
  2 rats
17 creatures vanquished.

Notes
Turn   | Place    | Note
-------+----------+-------------------------------------------
     0 | D:1      | vvl the Merfolk Transmuter began the quest for the Orb.
     0 | D:1      | Reached XP level 1. HP: 15/15 MP: 3/3
   799 | D:1      | Reached XP level 2. HP: 21/21 MP: 3/5
  1140 | D:2      | Reached skill level 1 in Poison Magic
  1505 | D:2      | Reached XP level 3. HP: 25/26 MP: 4/6
  1605 | D:2      | HP: 1/26 [quasit (3)]
  1605 | D:2      | Slain by a quasit

Illustrated notes

Levels and vault maps discovered:
D:1:      tarquinn_simple_flora_water_a, layout_basic, serial_forest,
          infiniplex_forest_clump_curved, infiniplex_forest_clump_tiny,
          infiniplex_forest_straight_2, infiniplex_forest_fountain,
          infiniplex_forest_clump_diagonal, st_stairs_14
D:2:      layout_basic

Skill      XL: |  1  2 |
---------------+-------+-----
Transmutations | 3 |  3.8
Poison Magic   | 1 |  1.1
Fighting       | |  1.1
Dodging        | |  2.6
Unarmed Combat | |  3.6
Spellcasting   | |  2.0

Action                   || total
-------------------------++-------
Melee: Unarmed           ||    61
       Headbutt          ||     9
       Punch             ||     1
 Cast: Beastly Appendage ||    18
Armor: Robe              ||    24
Dodge: Dodged            ||    50
